 Dungeon Crawl Stone Soup version 0.31-a0-150-g89dc3ad700 (webtiles) character file.

Game seed: 2666051269486478160

160 qw the Shooter (level 5, -5/46 HPs)
             Began as a Minotaur Hunter on June 8, 2023.
             Slain by a gnoll
             ... wielding a +0 halberd
              (9 damage)
             ... on level 3 of the Dungeon.
             The game lasted 00:00:54 (1805 turns).

qw the Shooter (Minotaur Hunter)                    Turns: 1805, Time: 00:00:54

Health: -5/46      AC:  7    Str: 15    XL:     5   Next: 17%
Magic:  4/4        EV: 11    Int:  6    God:
Gold:   126        SH:  0    Dex: 16    Spells: 4/4 levels left

rFire   . . .        Y - +2 shortbow
rCold   . . .        (shield currently unavailable)
rNeg    . . .        h - +0 ring mail
rPois   .            (helmet restricted)
rElec   .            (no cloak)
rCorr   .            (no gloves)
SInv    .            b - +1 pair of boots
Will    .....        (no amulet)
Stlth   +            (no ring)
HPRegen 0.27/turn    (no ring)
MPRegen 0.09/turn

%: no passive effects
@: no status effects
A: horns 2, retaliatory headbutt
a: no special abilities


You were on level 3 of the Dungeon.
You visited 1 branch of the dungeon, and saw 3 of its levels.

You collected 126 gold pieces.


Innate Abilities, Weirdness & Mutations

You have a pair of horns on your head.
You reflexively headbutt those who attack you in melee.


   Skills:
 - Level 4.0 Fighting
 + Level 6.4 Ranged Weapons
 - Level 1.0 Armour
 - Level 2.1 Dodging
 - Level 0.7 Stealth


You had 4 spell levels left.
You didn't know any spells.
Your spell library was empty.

Inventory:

Hand Weapons
 Y - a +2 shortbow (weapon)
Armour
 b - a +1 pair of boots (worn)
 h - a +0 ring mail (worn)
Jewellery
 g - an amulet of regeneration
 k - a +5 ring of evasion
Scrolls
 a - 3 scrolls of identify
 c - a scroll of noise {unknown}
 j - a scroll of vulnerability {unknown}
 l - a scroll of poison {unknown}
Potions
 d - a potion of mutation {unknown}
 e - a potion of curing
 f - a potion of resistance {unknown}
 i - a potion of might {unknown}

Dungeon Overview and Level Annotations

Branches:
Dungeon (3/15)

Altars:
Kikubaaqudgha
Makhleb
Sif Muna

Shops:
D:3 =


Message History

Enter note:
Enter note:
Enter note:
Enter note: You shoot an arrow.
The arrow barely misses the kobold.
The hobgoblin shouts!
The arrow hits the gnoll.
The gnoll is lightly wounded.
The kobold hits you but does no damage. The gnoll hits you but does no damage.
You shoot an arrow. The arrow misses the kobold.
The arrow closely misses the gnoll.
The arrow closely misses the kobold.
The arrow hits the hobgoblin!
You kill the hobgoblin!
The kobold barely misses you. You furiously retaliate!
You headbutt the kobold. The gnoll barely misses you.
You shoot an arrow.
The arrow hits the kobold but does no damage.
The kobold is heavily wounded.
The kobold barely misses you.
The gnoll hits you from afar with a +0 halberd.
The gnoll hits you from afar with a +0 halberd!
The kobold hits you but does no damage.
You shoot an arrow. The arrow hits the kobold.
You kill the kobold!
The gnoll hits you from afar with a +0 halberd!
You shoot an arrow. The arrow hits the hobgoblin.
The hobgoblin is moderately wounded.
The hobgoblin hits you. The gnoll barely misses you.
You shoot an arrow. The arrow hits the hobgoblin.
You kill the hobgoblin!
The gnoll barely misses you.
You shoot an arrow. The arrow hits the kobold.
You kill the kobold!
The gnoll barely misses you.
You shoot an arrow. The arrow barely misses the gnoll.
The arrow barely misses the kobold.
The arrow hits the hobgoblin.
The hobgoblin is severely wounded.
The gnoll hits you with a +0 whip! The gnoll closely misses you.
The gnoll hits you from afar with a +0 halberd!
You die...

###############
..............#
.......())....#
.....)......).##+#
...########......# ...#
#......#
...########.....@#
..............##g#
..............#gKg
..............#$g$#~~~~~~~
###############$$$#~~~~~~~
~~~#####~~~~~~~
~~~~~~~~~~~~~~~
~~~~~~~~~~~~~~~ .~~
~~..~.~.~~~~~~~


You could see 2 gnolls, 2 hobgoblins and a kobold.

Vanquished Creatures
  Jessica (D:2)
  3 gnolls (D:2)
  2 adders (D:3)
  2 worms
  3 endoplasms (D:1)
  4 giant cockroaches
  5 goblins
  9 hobgoblins
  4 jackals (D:2)
  18 kobolds
  5 quokkas
  5 ball pythons
  5 bats
  6 frilled lizards
  6 rats
78 creatures vanquished.

Notes
Turn   | Place    | Note
-------+----------+-------------------------------------------
     0 | D:1      | qw the Minotaur Hunter began the quest for the Orb.
     0 | D:1      | Reached XP level 1. HP: 18/18 MP: 0/0
     0 | D:1      | 0 ||| qw: Version: 0.2-a-119-g0488c42
     0 | D:1      | 0 ||| qw: Game counter: 2739
     0 | D:1      | 0 ||| qw: Always use a shield: true
     0 | D:1      | 0 ||| qw: God list: Okawaru
     0 | D:1      | 0 ||| qw: Allow faded altars: false
     0 | D:1      | 0 ||| qw: Do Orc after D:15 true
     0 | D:1      | 0 ||| qw: Do second Lair branch before Depths: true
     0 | D:1      | 0 ||| qw: Lair rune preference: random
     0 | D:1      | 0 ||| qw: Plans: Normal
     0 | D:1      | 0 ||| PLANNING D:1-11
    54 | D:1      | Reached XP level 2. HP: 25/25 MP: 1/1
    59 | D:1      | Reached skill level 5 in Ranged Weapons
    76 | D:1      | Found a faded altar of an unknown god.
   112 | D:1      | Reached skill level 3 in Fighting
   252 | D:1      | Reached XP level 3. HP: 31/31 MP: 2/2
   701 | D:1      | 701 ||| UPGRADING to +0 ring mail.
   711 | D:1      | 711 ||| DROPPING +0 leather armour.
   712 | D:1      | 712 ||| READING 2 scrolls labelled OPEPTYO GUIMIA.
   713 | D:1      | 713 ||| READING scroll labelled KAULIM PAXAME.
   714 | D:1      | 714 ||| READING scroll labelled TOEGOWU PITS.
   815 | D:1      | 815 ||| DROPPING scroll of butterflies.
   903 | D:2      | Reached skill level 1 in Armour
   933 | D:2      | Noticed Jessica
   941 | D:2      | Killed Jessica
   942 | D:2      | Reached XP level 4. HP: 38/38 MP: 3/3
   970 | D:2      | Found a burning altar of Makhleb.
  1007 | D:2      | Reached skill level 6 in Ranged Weapons
  1218 | D:2      | 1218 ||| Stepping ~*~*~tactically~*~*~ (outnumbered).
  1220 | D:2      | 1220 ||| Stepping ~*~*~tactically~*~*~ (outnumbered).
  1222 | D:2      | 1222 ||| Stepping ~*~*~tactically~*~*~ (outnumbered).
  1224 | D:2      | 1224 ||| Stepping ~*~*~tactically~*~*~ (outnumbered).
  1409 | D:2      | 1409 ||| UPGRADING to +1 pair of boots.
  1414 | D:2      | 1414 ||| DRINKING 2 lumpy orange potions.
  1520 | D:3      | Found Bufoc's Jewellery Emporium.
  1524 | D:3      | 1524 ||| READING scroll of enchant weapon.
  1524 | D:3      | 1524 ||| ENCHANTING +1 shortbow.
  1528 | D:3      | 1528 ||| SHOPLISTING +4 ring of protection (360 gold, have
                  | 76).
  1528 | D:3      | 1528 ||| SHOPLISTING amulet of reflection (300 gold, have
                  | 76).
  1528 | D:3      | 1528 ||| SHOPLISTING ring of positive energy (200 gold,
                  | have 76).
  1540 | D:3      | Found a shimmering blue altar of Sif Muna.
  1544 | D:3      | Found an ancient bone altar of Kikubaaqudgha.
  1635 | D:3      | Reached XP level 5. HP: 46/46 MP: 4/4
  1802 | D:3      | HP: 11/46 [hobgoblin (4)]
  1805 | D:3      | HP: 4/46 [gnoll/+0 whip (8)]
  1805 | D:3      | Slain by a gnoll

Levels and vault maps discovered:
D:1:      ncdulo_lavacross, layout_loops_cross, basic_ecumenical_altar,
          minmay_nonomino_d4
D:2:      layout_rooms, basic_altar, kennysheep_minor_cross, roderic_lattice_a,
          uniq_jessica
D:3:      minmay_goblin_kobold_castle, layout_rooms,
          nicolae_overflow_hidden_temple, serial_shops,
          nicolae_shop_just_a_little_nook, minmay_quantized

Skill      XL: |  1  2  3  4 |
---------------+-------------+-----
Ranged Weapons | 5 6 |  6.4
Fighting       | 3 4 |  4.0
Armour         | 1 |  1.0
Dodging        | |  2.1
Stealth        | |  0.7

Action                     |  1- 3 |  4- 6 || total
---------------------------+-------+-------++-------
   Fire: Shortbow          |   127 |    91 ||   218
    Use: Scroll            |     3 |     1 ||     4
         Potion            |       |     1 ||     1
 Armour: Leather armour    |     2 |       ||     2
         Ring mail         |     1 |    12 ||    13
  Dodge: Dodged            |    26 |    36 ||    62

Table legend:
 A = Non-vault XP
 B = Vault XP
 C = Vault XP percentage of total XP
 D = Non-vault monster count
 E = Vault monster count
 F = Vault count percentage of total count
                 A         B        C        D         E       F
            +---------+---------+-------+---------+---------+-------
      Total |     160 |      69 |  30.1 |      59 |      19 |  24.4
            +---------+---------+-------+---------+---------+-------
        D:1 |      50 |       8 |  13.8 |      30 |       5 |  14.3
        D:2 |      70 |      37 |  34.6 |      18 |       1 |   5.3
        D:3 |      40 |      24 |  37.5 |      11 |      13 |  54.2
            +---------+---------+-------+---------+---------+-------
